 Dungeon Crawl Stone Soup version 0.27.1-3-gb3d3a73c9e (webtiles) character file.

Game seed: 9639628402069447358

2276 Crownlay the Grappler (level 9, -1/133 HPs)
             Began as a Troll Berserker on Oct 10, 2021.
             Was a Priest of Trog.
             Slain by Grum (12 damage)
             ... on level 8 of the Dungeon.
             The game lasted 00:09:49 (4877 turns).

Crownlay the Grappler (Troll Berserker)             Turns: 4877, Time: 00:09:49

Health: -1/133     AC:  5    Str: 30    XL:     9   Next: 16%
Magic:  8/8        EV: 10    Int:  3    God:    Trog [***...]
Gold:   271        SH:  0    Dex:  9    Spells: 8/8 levels left

rFire    . . .     SeeInvis .     - Unarmed
rCold    . . .     Faith    .   (no shield)
rNeg     . . .     Spirit   .   g - +1 robe {Will+}
rPois    +         Reflect  .   (helmet restricted)
rElec    .         Harm     .   (no cloak)
rCorr    .         Rampage  .   (gloves unavailable)
Will     +++..                  (boots unavailable)
Stlth    ..........             (no amulet)
HPRegen  2.32/turn              q - ring of poison resistance
MPRegen  0.11/turn              (no ring)

@: berserking (expiring), strong-willed, regenerating, very quick
A: large, unfitting armour, claws 3, regeneration 1, shaggy fur 1, tough skin 1
a: Renounce Religion, Berserk, Trog's Hand


You were on level 8 of the Dungeon.
You worshipped Trog.
Trog was most pleased with you.
You visited 1 branch of the dungeon, and saw 8 of its levels.

You collected 304 gold pieces.
You spent 33 gold pieces at shops.

Inventory:

Missiles
 r - 13 poisoned darts (quivered)
Armour
 g - a +1 robe of willpower (worn)
Jewellery
 q - a ring of poison resistance (left claw)
Wands
 a - a wand of flame (29)
 s - a wand of iceblast (2)
Scrolls
 b - 3 scrolls of amnesia
 c - 3 scrolls of enchant armour
 d - a scroll of magic mapping {unknown}
 e - 2 scrolls of vulnerability
 i - a scroll of torment {unknown}
 j - 2 scrolls of noise
 k - a scroll of summoning {unknown}
 l - 2 scrolls of teleportation {unknown}
 n - a scroll of immolation {unknown}
 p - a scroll of fear {unknown}
Potions
 f - 3 potions of mutation
 h - 4 potions of attraction
 m - a potion of heal wounds {unknown}
 o - 3 potions of berserk rage {unknown}


   Skills:
 * Level 5.6 Fighting
 - Level 2.4 Dodging
 + Level 10.4 Unarmed Combat
 + Level 2.1 Evocations


You had 8 spell levels left.
You didn't know any spells.
Your spell library was empty.

Dungeon Overview and Level Annotations

Branches:
Dungeon (9/15)             Temple (0/1) D:6
   Lair: D:8-11         Orc: D:9-12

Altars:
Cheibriados
Uskayaw
Yredelemnul
The Shining One

Shops:
D:2 ?

Annotations:
D:8 Grum


Innate Abilities, Weirdness & Mutations

You are too large for most types of armour.
You have claws for hands.
Your natural rate of healing is unusually fast.
You are covered in fur. (AC +1)
You have tough skin. (AC +1)


Message History

The wolf bites you! The wolf closely misses you.
You completely miss the wolf.
The wolf is moderately wounded.
The wolf bites you! The wolf bites you.
Grum hits you from afar with a +0 spear!
You are too injured to fight recklessly!
You are too injured to fight recklessly!
You are too injured to fight recklessly!
Your skin crawls.
You feel strong-willed. The wolf bites you! The wolf bites you.
Grum hits you from afar with a +0 spear!
* * * LOW HITPOINT WARNING * * *
The wolf bites you but does no damage. The wolf misses you.
A red film seems to cover your vision as you go berserk!
You feel yourself moving faster!
You feel mighty! The wolf bites you.
* * * LOW HITPOINT WARNING * * *
The wolf bites you!
* * * LOW HITPOINT WARNING * * *
Grum barely misses you. The wolf barely misses you. The wolf bites you!
* * * LOW HITPOINT WARNING * * *
You feel a strong urge to attack something.
You claw the wolf!
The wolf is severely wounded.
The wolf bites you but does no damage.
You closely miss the wolf.
The wolf is severely wounded.
The wolf bites you.
* * * LOW HITPOINT WARNING * * *
You mangle the wolf!!
You kill the wolf!
Trog accepts your kill.
You see here a wolf corpse.
You mangle Grum!!
Grum is severely wounded.
The wolf bites you but does no damage.
You claw Grum!
Grum is almost dead.
The wolf barely misses you. Grum hits you with a +0 spear!
You die...

##)###...##
#.<.##...##.##
#.).##........ .
......##....#####....
#.....##.....#####[.#
#.##.........##.....
. ..#..........## .
>. #...........# ...
...
#........@g##.....
#......###h.......
..#.....# ##.......
.....:... .......
........ .......
....... ....... ....
....... .......
.......


You could see Grum and a wolf.

Vanquished Creatures
  A wraith (D:6)
  A wyvern (D:9)
  2 water moccasins
  An orc warrior (D:8)
  4 necrophages (D:5)
  2 wolves (D:8)
  Blork the orc (D:4)
  A kobold brigand (D:6)
  2 scorpions
  A water moccasin zombie (D:5)
  2 water moccasin skeletons
  3 wights (D:5)
  A crimson imp (D:6)
  2 orc priests (D:8)
  A centaur zombie (D:9)
  3 hounds (D:5)
  A human zombie (D:5)
  An iguana (D:5)
  2 orc wizards (D:9)
  A scorpion zombie (D:5)
  A killer bee zombie (D:5)
  2 mummies (D:5)
  Robin (D:4)
  3 gnolls (D:3)
  6 adders
  A shadow imp (D:3)
  2 white imps (D:6)
  2 ufetubi
  4 worms
  4 dart slugs
  7 orcs
  5 endoplasms
  4 giant cockroaches
  19 goblins
  6 hobgoblins
  A jackal (D:3)
  10 kobolds
  2 quokkas
  6 ball pythons
  7 bats
  A frilled lizard (D:2)
  6 rats
133 creatures vanquished.

Vanquished Creatures (others)
  A plant (D:5)
1 creature vanquished.

Grand Total: 134 creatures vanquished

Notes
Turn   | Place    | Note
-------+----------+-------------------------------------------
     0 | D:1      | Crownlay the Troll Berserker began the quest for the Orb.
     0 | D:1      | Reached XP level 1. HP: 22/22 MP: 0/0
   109 | D:1      | Reached XP level 2. HP: 29/29 MP: 1/1
   376 | D:1      | Reached skill level 4 in Unarmed Combat
   537 | D:2      | Reached ** piety under Trog
   538 | D:2      | Reached XP level 3. HP: 24/36 MP: 2/2
   889 | D:2      | Found Xuokefaq's Magic Scroll Emporium.
   900 | D:2      | Bought a scroll of noise for 11 gold pieces
   900 | D:2      | Bought a scroll of identify for 22 gold pieces
  1021 | D:2      | Reached XP level 4. HP: 30/44 MP: 3/3
  1254 | D:3      | Reached skill level 5 in Unarmed Combat
  1798 | D:3      | Reached XP level 5. HP: 46/50 MP: 4/4
  2202 | D:4      | Noticed Blork the orc
  2213 | D:4      | Killed Blork the orc
  2214 | D:4      | Reached skill level 6 in Unarmed Combat
  2400 | D:4      | Reached XP level 6. HP: 52/59 MP: 5/5
  2565 | D:4      | Reached skill level 7 in Unarmed Combat
  2602 | D:4      | Noticed Robin
  2621 | D:4      | Killed Robin
  3022 | D:5      | Entered Level 5 of the Dungeon
  3268 | D:5      | Reached skill level 8 in Unarmed Combat
  3268 | D:5      | Reached XP level 7. HP: 62/66 MP: 6/6
  3296 | D:5      | Found a hide-covered altar of Uskayaw.
  3298 | D:5      | Found a snail-covered altar of Cheibriados.
  3298 | D:5      | Found a glowing golden altar of the Shining One.
  3380 | D:5      | Reached skill level 9 in Unarmed Combat
  3603 | D:5      | Found a basalt altar of Yredelemnul.
  3637 | D:5      | Reached *** piety under Trog
  3695 | D:5      | Reached XP level 8. HP: 68/74 MP: 7/7
  3704 | D:5      | Reached skill level 10 in Unarmed Combat
  4125 | D:6      | Found a staircase to the Ecumenical Temple.
  4457 | D:6      | Reached skill level 1 in Evocations
  4611 | D:6      | You fall into a shaft and drop 3 floors!
  4621 | D:9      | Reached skill level 5 in Fighting
  4823 | D:8      | Reached XP level 9. HP: 76/88 MP: 8/8
  4858 | D:8      | Noticed Grum
  4869 | D:8      | HP: 2/132 [wolf[Grum] (7)]
  4877 | D:8      | Slain by Grum

Illustrated notes

Levels and vault maps discovered:
D:1:      pf_arrival_petrified_forest, layout_basic, serial_corexii_hall,
          chequers_hall_statues_wall_a, corexii_hall_statues_t,
          corexii_hall_statues_i, corexii_hall_statues_t, hex_medium
D:2:      layout_loops_ring, serial_shops, shop_fountains
D:3:      layout_basic, minmay_misc_feat_plants, hangedman_decor_diamond_cutter,
          kennysheep_cross_bottleneck, st_stairs_11
D:4:      layout_cave_pods, amethyst_killhole, minivault_25, uniq_robin,
          uniq_blork_the_orc
D:5:      layout_rooms, gammafunk_temple_overflow_forgotten,
          lemuel_mausoleum_altar_yredelemnul
D:6:      layout_layer_cave, temple_doors_e, chequers_serial_rivers_marsh,
          minmay_fire_ice_demons
D:8:      layout_cave_pools, mainiacjoe_overflow_tiny_flanked,
          grunt_temple_overflow_diamond, mainiacjoe_overflow_24_doors,
          enter_ossuary_4, uniq_prince_ribbit1, uniq_grum
D:9:      layout_roguey

Skill      XL: |  1  2  3  4  5  6  7  8  9 |
---------------+----------------------------+-----
Unarmed Combat | 4 5 6 8 9 10 | 10.4
Fighting       | 5 |  5.6
Evocations     | 1 2 |  2.1
Dodging        | |  2.4

Action                   |  1- 3 |  4- 6 |  7- 9 || total
-------------------------+-------+-------+-------++-------
Melee: Unarmed           |    39 |       |    96 ||   135
       Short sword       |    60 |   148 |    77 ||   285
       Punch             |     1 |     5 |     6 ||    12
Throw: Dart              |       |       |    12 ||    12
Invok: Berserk           |       |     3 |     3 ||     6
       Trog's Hand       |       |     3 |     3 ||     6
  Use: Scroll            |     1 |     2 |     2 ||     5
 Stab: Sleeping          |     1 |       |       ||     1
Armor: Animal skin       |    30 |    43 |    12 ||    85
       Robe              |       |       |    19 ||    19
Dodge: Dodged            |    45 |    70 |    86 ||   201
